 Dungeon Crawl Stone Soup version 0.28-a0-771-g91a516d0e7 (webtiles) character file.

Game seed: 8380029122322183594

1545 Ijustatesigmund the Shield-Bearer (level 8, -1/67 HPs)
             Began as a Gnoll Fighter on Nov 1, 2021.
             Killed from afar by an acid dragon (21 damage)
             ... with a splash of acid
             ... on level 7 of the Dungeon.
             The game lasted 00:06:50 (5523 turns).

Ijustatesigmund the Shield-Bearer (Gnoll Fighter)   Turns: 5523, Time: 00:06:52

Health: -1/67      AC: 10    Str: 16    XL:     8   Next: 87%
Magic:  13/13      EV: 12    Int: 10    God:
Gold:   375        SH:  6    Dex: 11    Spells: 14/14 levels left

rFire   . . .      SeeInvis .   q - +2 hand axe (vorpal)
rCold   . . .      Faith    .   c - +1 buckler
rNeg    . . .      Spirit   .   b - +0 steam dragon scales
rPois   +          Reflect  .   e - +2 helmet
rElec   .          Harm     .   (no cloak)
rCorr   .          Rampage  .   (no gloves)
Will    +....                   (no boots)
Stlth   ++........              p - amulet of the acrobat
HPRegen 0.21/turn               n - ring of willpower
MPRegen 0.13/turn               j - ring of poison resistance

@: hasted, studying Shields, very quick
A: fangs 1, strong nose, distributed training
a: no special abilities


You were on level 7 of the Dungeon.
You visited 2 branches of the dungeon, and saw 8 of its levels.

You collected 375 gold pieces.

Inventory:

Hand Weapons
 a - a +1 war axe
 q - a +2 vorpal hand axe (weapon)
Missiles
 g - 17 poisoned darts (quivered)
Armour
 b - +0 steam dragon scales (worn)
 c - a +1 buckler (worn)
 e - a +2 helmet (worn)
Jewellery
 h - a ring of wizardry
 j - a ring of poison resistance (right hand)
 n - a ring of willpower (left hand)
 p - an amulet of the acrobat (around neck)
 x - a ring of willpower
Wands
 w - a wand of polymorph (12)
Scrolls
 y - a scroll of immolation
Potions
 k - a potion of lignification
 l - a potion of ambrosia
 m - a potion of cancellation
 o - 2 potions of heal wounds {unknown}
 r - 2 potions of flight {unknown}
 s - 2 potions of curing {unknown}
 u - a potion of mutation {unknown}
 v - a potion of resistance {unknown}


   Skills:
 + Level 7.5 Fighting
 + Level 3.6 Short Blades
 + Level 3.6 Long Blades
 + Level 5.9 Axes
 + Level 3.6 Maces & Flails
 + Level 3.6 Polearms
 + Level 3.6 Staves
 + Level 3.6 Slings
 + Level 3.6 Bows
 + Level 3.6 Crossbows
 + Level 3.6 Throwing
 + Level 7.5 Armour
 + Level 3.6 Dodging
 + Level 3.6 Stealth
 + Level 7.6 Shields
 + Level 3.6 Unarmed Combat
 + Level 3.6 Spellcasting
 + Level 3.0 Conjurations
 + Level 3.0 Hexes
 + Level 3.0 Summonings
 + Level 3.0 Necromancy
 + Level 3.0 Translocations
 + Level 3.0 Transmutations
 + Level 3.0 Fire Magic
 + Level 3.0 Ice Magic
 + Level 3.0 Air Magic
 + Level 3.0 Earth Magic
 + Level 3.0 Poison Magic
 + Level 4.0 Invocations
 + Level 3.6 Evocations


You had 14 spell levels left.
You didn't know any spells.
Your spell library contained the following spells:

 Spells                   Type           Power      Damage    Failure   Level
 Corpse Rot               Necr/Air       14%        N/A       12%         2
 Ensorcelled Hibernation  Hex/Ice        14%        N/A       12%         2
 Poisonous Vapours        Pois/Air       14%        N/A       12%         2
 Spider Form              Tmut/Pois      3%         N/A       22%         3
 Animate Armour           Summ/Erth      14%        N/A       58%         4
 Blade Hands              Tmut           3%         N/A       91%         5
 Iron Shot                Conj/Erth      3%         9d2       100%        6


Dungeon Overview and Level Annotations

Branches:
Dungeon (7/15)             Temple (1/1) D:5

Altars:
Dithmenos
Elyvilon
Fedhas
Gozag
Kikubaaqudgha
Makhleb
Qazlal
Ru
Sif Muna
Trog
Uskayaw
Vehumet
Wu Jian
Yredelemnul
Zin

Annotations:
D:4 1 runed translucent door, paps's ghost, amateur OpDe
D:6 Eustachio; Sigmund


Innate Abilities, Weirdness & Mutations

You have very sharp teeth.
Your uncanny sense of smell can sniff out nearby items.
Your experience applies equally to all skills.


Message History

The magic dart hits you but does no damage.
You slash the orc wizard!
You kill the orc wizard!
You slash the acid dragon!
The acid dragon is moderately wounded.
A wight comes into view.
It is wielding a +2 long sword of flaming.
A wight comes into view. It is wielding a +0 flail.
The acid dragon bites you but does no damage.
The acid dragon claws you but does no damage.
You hit the acid dragon. Your bite misses the acid dragon.
The acid dragon is heavily wounded.
The acid dragon spits acid at you. The splash of acid hits you!!
You are too injured to fight recklessly!
You are too injured to fight recklessly!
You are too injured to fight recklessly!
You are too injured to fight recklessly!
You are too injured to fight recklessly!
You are too injured to fight recklessly!
You are too injured to fight recklessly!
You are too injured to fight recklessly!
You are too injured to fight recklessly!
You are too injured to fight recklessly!
You are too injured to fight recklessly!
You are too injured to fight recklessly!
You are too injured to fight recklessly!
Unknown command.
You feel yourself speed up. The acid dragon closely misses you.
The acid dragon claws you but does no damage.
You hit the acid dragon.
The acid dragon is severely wounded.
The acid dragon bites you. The acid dragon claws you.
* * * LOW HITPOINT WARNING * * *
You hit the acid dragon. Your bite misses the acid dragon.
The acid dragon is almost dead.
You barely miss the wight. The wight barely misses you.
A wight comes into view. It is wielding a +1 halberd.
The acid dragon spits acid at you. The splash of acid hits you!!
You die...

#..#...... .z
..#..###.
.###.###.#..###.
#.∆
##..##.##..#......
.
.....#.#......####
#. #....#.#...(.<#
. #z(..#.#.)...##
#.#Dz#.#.#.#...#
#.#@..##.##....#
###...###...###..#
#.......##.##....#
###.##.#.#.#.#)#.#
#.......#....#.#
#.#.....#.##...# #
#####...####...#
##### ###.# #


You could see an acid dragon (catching breath) and 3 wights.

Vanquished Creatures
  A wraith (D:7)
  A steam dragon (D:7)
  A water moccasin (D:7)
  An orc warrior (D:7)
  A necrophage (D:5)
  An ice beast (D:7)
  A black bear (D:5)
  2 ogres
  A phantom (D:5)
  A bullfrog (D:7)
  A scorpion (D:7)
  A wyvern skeleton (D:7)
  2 hounds
  A jelly (D:5)
  A bullfrog skeleton (D:5)
  2 centaur skeletons (D:7)
  2 orc wizards (D:7)
  A hound skeleton (D:5)
  A howler monkey skeleton (D:5)
  5 adders
  2 white imps (D:5)
  A worm (D:2)
  2 dart slugs
  8 orcs
  5 bats
  4 endoplasms
  6 giant cockroaches
  6 hobgoblins
  4 jackals
  3 quokkas
  5 ball pythons
  4 frilled lizards
  10 goblins
  11 kobolds
  2 rats
101 creatures vanquished.

Notes
Turn   | Place    | Note
-------+----------+-------------------------------------------
     0 | D:1      | Ijustatesigmund the Gnoll Fighter began the quest for the
                  | Orb.
     0 | D:1      | Reached XP level 1. HP: 23/23 MP: 1/1
   229 | D:1      | Reached XP level 2. HP: 19/29 MP: 2/2
   865 | D:2      | Found a faded altar of an unknown god.
   888 | D:2      | Reached XP level 3. HP: 34/35 MP: 3/3
  1091 | D:2      | Reached skill level 1 in Invocations
  1225 | D:2      | Found a shadowy altar of Dithmenos.
  1264 | D:2      | Reached skill level 1 in Short Blades
  1264 | D:2      | Reached skill level 1 in Long Blades
  1264 | D:2      | Reached skill level 1 in Maces & Flails
  1264 | D:2      | Reached skill level 1 in Polearms
  1264 | D:2      | Reached skill level 1 in Staves
  1264 | D:2      | Reached skill level 1 in Slings
  1264 | D:2      | Reached skill level 1 in Bows
  1264 | D:2      | Reached skill level 1 in Crossbows
  1264 | D:2      | Reached skill level 1 in Throwing
  1264 | D:2      | Reached skill level 1 in Dodging
  1264 | D:2      | Reached skill level 1 in Stealth
  1264 | D:2      | Reached skill level 1 in Unarmed Combat
  1264 | D:2      | Reached skill level 1 in Spellcasting
  1264 | D:2      | Reached skill level 1 in Evocations
  1679 | D:3      | Reached XP level 4. HP: 30/41 MP: 5/5
  2048 | D:3      | Reached skill level 1 in Conjurations
  2048 | D:3      | Reached skill level 1 in Hexes
  2048 | D:3      | Reached skill level 1 in Summonings
  2048 | D:3      | Reached skill level 1 in Necromancy
  2048 | D:3      | Reached skill level 1 in Translocations
  2048 | D:3      | Reached skill level 1 in Transmutations
  2048 | D:3      | Reached skill level 1 in Fire Magic
  2048 | D:3      | Reached skill level 1 in Ice Magic
  2048 | D:3      | Reached skill level 1 in Air Magic
  2048 | D:3      | Reached skill level 1 in Earth Magic
  2048 | D:3      | Reached skill level 1 in Poison Magic
  2197 | D:3      | Noticed an ogre
  2203 | D:3      | Killed an ogre
  2204 | D:3      | Reached XP level 5. HP: 18/47 MP: 5/7
  2409 | D:3      | Found a white marble altar of Elyvilon.
  2677 | D:4      | Found an opulent altar of Gozag.
  3020 | D:4      | Found a runed translucent door.
  3020 | D:4      | Noticed paps's ghost (amateur OpDe)
  3431 | D:5      | Entered Level 5 of the Dungeon
  3438 | D:5      | Noticed a necrophage
  3446 | D:5      | Killed a necrophage
  3447 | D:5      | Reached XP level 6. HP: 45/53 MP: 8/8
  3542 | D:5      | Reached skill level 5 in Axes
  3884 | D:5      | Reached XP level 7. HP: 31/59 MP: 10/10
  4269 | D:5      | Found a staircase to the Ecumenical Temple.
  4275 | Temple   | Entered the Ecumenical Temple
  4499 | D:5      | Found a sacrificial altar of Ru.
  4825 | D:6      | Noticed Eustachio
  4825 | D:6      | Noticed Sigmund
  4857 | D:7      | Noticed a wraith
  4865 | D:7      | Killed a wraith
  4866 | D:7      | Reached XP level 8. HP: 41/67 MP: 10/12
  5523 | D:7      | Killed from afar by an acid dragon

Illustrated notes

Levels and vault maps discovered:
D:1:      roderic_chinese_lattice_arrival, layout_basic
D:2:      layout_loops_cross, basic_altar, basic_ecumenical_altar,
          minmay_fractal_squares_gapless_5
D:3:      layout_basic, marbit_many_paths
D:4:      layout_gridville, mainiacjoe_overflow_brackets,
          hellmonk_ghost_happy_afterlife, serial_glass, glass_columns_a,
          glass_columns_a, glass_columns_a
D:5:      layout_loops_ring, nicolae_ru_path_of_blood,
          minmay_temple_entry_fiery, chequers_serial_rivers_small_b,
          minmay_misc_feat_doors, minmay_misc_feat_nine_boxes
D:6:      layout_loops_cross, serial_shops, shop, uniq_menkaure, uniq_eustachio,
          uniq_sigmund
D:7:      layout_basic, kennysheep_slug_shrine, chequers_serial_rivers_micro_e,
          eino_small_chamber_without_monster, minmay_manual_monstrance
Temple:   nicolae_temple_hex_pool

Skill      XL: |  1  2  3  4  5  6  7  8 |
---------------+-------------------------+-----
Invocations    | 1 2 3 4 |  4.0
Short Blades   | 1 2 3 |  3.6
Long Blades    | 1 2 3 |  3.6
Maces & Flails | 1 2 3 |  3.6
Polearms       | 1 2 3 |  3.6
Staves         | 1 2 3 |  3.6
Slings         | 1 2 3 |  3.6
Bows           | 1 2 3 |  3.6
Crossbows      | 1 2 3 |  3.6
Throwing       | 1 2 3 |  3.6
Dodging        | 1 2 3 |  3.6
Stealth        | 1 2 3 |  3.6
Unarmed Combat | 1 2 3 |  3.6
Spellcasting   | 1 2 3 |  3.6
Evocations     | 1 2 3 |  3.6
Conjurations   | 1 2 3 |  3.0
Hexes          | 1 2 3 |  3.0
Summonings     | 1 2 3 |  3.0
Necromancy     | 1 2 3 |  3.0
Translocations | 1 2 3 |  3.0
Transmutations | 1 2 3 |  3.0
Fire Magic     | 1 2 3 |  3.0
Ice Magic      | 1 2 3 |  3.0
Air Magic      | 1 2 3 |  3.0
Earth Magic    | 1 2 3 |  3.0
Poison Magic   | 1 2 3 |  3.0
Axes           | 5 |  5.9
Fighting       | 7 |  7.5
Armour         | 7 |  7.5
Shields        | 7 |  7.6

Action                   |  1- 3 |  4- 6 |  7- 9 || total
-------------------------+-------+-------+-------++-------
Melee: War axe           |    98 |    28 |       ||   126
       Bite              |     4 |    10 |    15 ||    29
       Hand axe          |       |    99 |   144 ||   243
Throw: Dart              |       |       |     6 ||     6
  Use: Scroll            |       |     9 |     2 ||    11
       Potion            |       |       |     2 ||     2
 Stab: Distracted        |       |       |     1 ||     1
Armor: Scale mail        |    27 |       |       ||    27
       Chain mail        |    15 |    47 |    56 ||   118
       Steam dragon scal |       |       |    25 ||    25
Dodge: Dodged            |    41 |    46 |    64 ||   151
Block: Buckler           |    18 |    33 |    45 ||    96

Table legend: (Time is in decaauts)
 A = Elapsed time spent in this place.
 B = Non-inter-level travel time spent in this place.
 C = Inter-level travel time spent in this place.
 D = Time resting spent in this place.
 E = Time spent auto-exploring this place.
 F = Levels seen in this place.
 G = Mean time per level.
                   A        B        C        D        E       F      G
               +--------+--------+--------+--------+--------+-----+--------+
         Total |   5573 |   5414 |    159 |    361 |   4182 |   8 |  696.6 |
       Dungeon |   5491 |   5339 |    152 |    361 |   4117 |   7 |  784.4 |
        Temple |     81 |     75 |      6 |      0 |     65 |   1 |   81.0 |
               +--------+--------+--------+--------+--------+-----+--------+

Top non-repeatable levels by time:
     D:5: 1317 daAuts
     D:3: 1001 daAuts
     D:1: 863 daAuts
     D:4: 846 daAuts
     D:2: 754 daAuts
     D:7: 704 daAuts
  Temple: 81 daAuts
     D:6: 3 daAuts
